 Dungeon Crawl Stone Soup version 0.29-a0-1023-g6ae1a4a2c7 (webtiles) character file.

Game seed: 6171772337212840686

7 BritishOli the Trooper (level 1, -2/18 HPs)
             Began as a Demonspawn Fighter on Aug 11, 2022.
             Slain by a quokka (4 damage)
             ... on level 1 of the Dungeon.
             The game lasted 00:00:08 (202 turns).

BritishOli the Trooper (Demonspawn Fighter)          Turns: 202, Time: 00:00:08

Health: -2/18      AC:  6    Str: 16    XL:     1   Next: 91%
Magic:  1/1        EV:  8    Int:  9    God:
Gold:   0          SH:  4    Dex: 12    Spells: 0/0 levels left

rFire   . . .      SeeInvis .   a - +0 long sword
rCold   . . .      Faith    .   c - +0 buckler
rNeg    . . .      Spirit   .   b - +0 scale mail
rPois   .          Reflect  .   (no helmet)
rElec   .          Harm     .   (no cloak)
rCorr   .          Rampage  .   (no gloves)
Will    .....                   (no boots)
Stlth   ..........              (no amulet)
HPRegen 0.06/turn               (no ring)
MPRegen 0.07/turn               (no ring)

@: no status effects
A: no striking features
a: no special abilities


You were on level 1 of the Dungeon.
You visited 1 branch of the dungeon, and saw 1 of its levels.

Inventory:

Hand Weapons
 a - a +0 long sword (weapon)
Armour
 b - a +0 scale mail (worn)
 c - a +0 buckler (worn)
Scrolls
 e - a scroll of poison {unknown}
Potions
 d - a potion of might
 f - a potion of resistance {unknown}


   Skills:
 + Level 3.1 Fighting
 + Level 2.0 Long Blades
 + Level 2.8 Armour
 + Level 2.8 Shields


You couldn't memorise any spells.
You didn't know any spells.
Your spell library was empty.

Dungeon Overview and Level Annotations

Branches:
Dungeon (1/15)

Altars:


Message History

You kill the ball python!
No target in view!
No target in view!
No target in view!
f - a glowing emerald potion No target in view!
Found a leather armour.
No target in view!
There is a shaft here.
You see here a +0 leather armour.
A hobgoblin comes into view.
The hobgoblin shouts!
A bat comes into view.
An endoplasm comes into view.
The endoplasm quivers.
A quokka comes into view.
There are monsters nearby!
You slash the bat!
You kill the bat!
There are monsters nearby!
You hit the hobgoblin.
The hobgoblin is almost dead.
The quokka twitches its whiskers.
You block the hobgoblin's attack.
The hobgoblin hits you but does no damage.
You hit the hobgoblin.
You kill the hobgoblin!
The quokka bites you.
Your Long Blades skill increases to level 2!
You hit the endoplasm but do no damage. The quokka closely misses you.
The endoplasm hits you but does no damage.
The quokka bites you.
You barely miss the endoplasm. The endoplasm freezes you.
You are frozen.
The quokka bites you but does no damage.
The endoplasm freezes you.
You are frozen.
* * * LOW HITPOINT WARNING * * *
The quokka attacks as you move away! The quokka bites you.
You die...

########### #.........#
#.........#######
#................
#####........@J......
#....[#######.r......
#.....# #........
#.....# #........
#.....# #........
#.....# .........
#.....# .........
####...^.#####.....#####
...............


You could see an endoplasm and a quokka.

Vanquished Creatures
  A ball python (D:1)
  2 bats (D:1)
  An endoplasm (D:1)
  2 hobgoblins (D:1)
6 creatures vanquished.

Notes
Turn   | Place    | Note
-------+----------+-------------------------------------------
     0 | D:1      | BritishOli the Demonspawn Fighter began the quest for the
                  | Orb.
     0 | D:1      | Reached XP level 1. HP: 18/18 MP: 1/1
   202 | D:1      | Slain by a quokka

Illustrated notes

Levels and vault maps discovered:
D:1:      reono_arrival_mine, layout_basic, shapermc_ecumenical_altar_ellora

Skill      XL: |  1 |
---------------+----+-----
Long Blades    | 2 |  2.0
Fighting       | |  3.1
Armour         | |  2.8
Shields        | |  2.8

Action                   || total
-------------------------++-------
Melee: Long sword        ||    12
Armor: Scale mail        ||     5
Dodge: Dodged            ||     5
Block: Buckler           ||     2

Table legend: (Time is in decaauts)
 A = Elapsed time spent in this place.
 B = Non-inter-level travel time spent in this place.
 C = Inter-level travel time spent in this place.
 D = Time resting spent in this place.
 E = Time spent auto-exploring this place.
 F = Levels seen in this place.
 G = Mean time per level.
                   A        B        C        D        E       F      G
               +--------+--------+--------+--------+--------+-----+--------+
         Total |    206 |    206 |      0 |      0 |    173 |   1 |  206.0 |
       Dungeon |    206 |    206 |      0 |      0 |    173 |   1 |  206.0 |
               +--------+--------+--------+--------+--------+-----+--------+

Top non-repeatable levels by time:
     D:1: 206 daAuts
